 Dungeon Sprint DCSS version 0.31-a0-940-gdaa99269f9 (webtiles) character file.

Game seed: 13554416246299565218

3730 sircluck the Grappler (level 9, -3/159 HPs)
             Began as a Troll Berserker on Oct 20, 2023.
             Was the Champion of Trog.
             Slain by a red devil
             ... wielding a +2 vampiric demon trident
              (9 damage)
             ... in the Dungeon (Sprint VII: "The Pits").
             The game lasted 00:02:57 (1057 turns).

sircluck the Grappler (Troll Berserker)             Turns: 1057, Time: 00:02:58

Health: -3/159     AC:  5    Str: 34    XL:     9   Next: 92%
Magic:  8/8        EV: 16    Int:  3    God:    Trog [******]
Gold:   0          SH:  0    Dex:  9    Spells: 8/8 levels left

rFire   . .          .
                       - Unarmed
rCold   . . .        (no shield)
rNeg    . . .        a - +0 animal skin
rPois   .            (helmet restricted)
rElec   .            n - +0 cloak
rCorr   .            (gloves unavailable)
SInv    .            (boots unavailable)
Will    .....        (no amulet) Stlth
                     k - +3 ring of strength
HPRegen 1.26/turn    l - +3 ring of evasion
MPRegen 0.11/turn

%: no teleportation
@: berserking, spiked, very quick
A: large, unfitting armour, claws 3, regeneration 1, shaggy fur 1, tough skin 1
a: Renounce Religion, Berserk, Trog's Hand, Brothers in Arms


You were in the Dungeon.
You worshipped Trog.
Trog was exalted by your worship.
You visited 1 branch

Inventory:

Armour
 a - a +0 animal skin (worn)
 n - a +0 cloak (worn)
Jewellery
 k - a +3 ring of strength (left claw)
 l - a +3 ring of evasion (right claw)
Scrolls
 g - a scroll of blinking
 i - 2 scrolls of vulnerability
 j - a scroll of butterflies
Potions
 b - 7 potions of curing
 c - 11 potions of heal wounds
 d - 2 potions of haste
 e - 4 potions of magic
 f - 3 potions of berserk rage
 h - 2 potions of invisibility
 m - a potion of might


   Skills:
 + Level 11.8 Fighting
 + Level 11.6 Dodging
 + Level 13.7 Unarmed Combat


You had 8 spell levels left.
You didn't know any spells.
Your spell library was empty.

Dungeon Overview and Level Annotations

Branches:
Dungeon (1/1)

Altars:
Ashenzari
Cheibriados
Dithmenos
Elyvilon
Fedhas
Gozag
Hepliaklqana
Kikubaaqudgha
Makhleb
Nemelex Xobeh
Okawaru
Qazlal
Ru
Sif Muna
Trog
Uskayaw
Vehumet
Wu Jian
Xom
Yredelemnul
Zin
The Shining One
Jiyva
Lugonu


Innate Abilities, Weirdness & Mutations

You are too large for most types of armour.
You have claws for hands.
Your natural rate of healing is unusually fast.
You are covered in fur. (AC +1)
You have tough skin. (AC +1)


Message History

You feel yourself moving faster!
You feel mighty!
The red devil hits you with a +2 vampiric demon trident!!
* * * LOW HITPOINT WARNING * * *
Barbed spikes become lodged in your body.
You completely miss the red devil. You barely miss the red devil.
The red devil hits you with a +2 vampiric demon trident!
* * * LOW HITPOINT WARNING * * *
Barbed spikes become lodged in your body.
You scratch the red devil.
The red devil is lightly wounded.
You closely miss the red devil.
The red devil is lightly wounded.
The red devil hits you with a +2 vampiric demon trident!!
* * * LOW HITPOINT WARNING * * *
Barbed spikes become lodged in your body.
You barely miss the red devil.
The red devil is lightly wounded.
You barely miss the red devil.
The red devil is lightly wounded.
The red devil misses you.
You claw the red devil!
The red devil is moderately wounded.
You closely miss the red devil.
The red devil is moderately wounded.
The red devil hits you with a +2 vampiric demon trident!
* * * LOW HITPOINT WARNING * * *
Barbed spikes become lodged in your body.
The red devil draws strength from your wounds!
Unknown command.
You closely miss the red devil. You barely miss the red devil.
Your claw misses the red devil. The red devil barely misses you.
You are too berserk!
You mangle the red devil!!
The red devil is almost dead.
You closely miss the red devil.
The red devil is almost dead.
The red devil hits you with a +2 vampiric demon trident!
You die...

#++##########
#.....)......
#....@4......
#..##########
#..# #..# ###
#..# ..# #..#
..# #..# ..#
#..#
..##########..#


You could see a red devil.

Vanquished Creatures
  A rakshasa (D)
  A vampire mage (D)
  An elephant (D)
  A molten gargoyle (D)
  An efreet (D)
  A yaktaur (D)
  A flying skull (D)
  A wraith (D)
  A swamp drake (D)
  3 floating eyes (D)
  A wolf (D)
  A centaur (D)
  2 scorpions (D)
  4 wights (D)
  A quasit (D)
  An iguana (D)
  A gnoll (D)
  A river rat (D)
  An ufetubus (D)
  A worm (D)
  An orc (D)
  A bat skeleton (D)
  An endoplasm (D)
  A giant cockroach (D)
  A goblin (D)
  4 jackals (D)
  A quokka (D)
  A ball python zombie (D)
  A bat (D)
  A frilled lizard (D)
  A kobold (D)
40 creatures vanquished.

Vanquished Creatures (collateral kills)
  An orc priest (D)
  2 orc wizards (D)
  An orc (D)
4 creatures vanquished.

Grand Total: 44 creatures vanquished

Notes
Turn   | Place    | Note
-------+----------+-------------------------------------------
     0 | D        | sircluck the Troll Berserker began the quest for the Orb.
     0 | D        | Reached XP level 1. HP: 22/22 MP: 0/0
    11 | D        | Noticed a wolf
    11 | D        | Noticed a wraith
    24 | D        | Killed a wolf
    24 | D        | HP: 1/33 [wraith (6)]
    25 | D        | Reached skill level 5 in Unarmed Combat
    25 | D        | Reached XP level 2. HP: 1/33 MP: 1/1
    25 | D        | Reached XP level 3. HP: 2/40 MP: 2/2
    25 | D        | Reached XP level 4. HP: 2/49 MP: 3/3
    27 | D        | Killed a wraith
    28 | D        | Reached skill level 7 in Unarmed Combat
    28 | D        | Reached XP level 5. HP: 5/61 MP: 4/4
   204 | D        | Reached ** piety under Trog
   214 | D        | Noticed an efreet
   224 | D        | Killed an efreet
   225 | D        | Reached skill level 9 in Unarmed Combat
   225 | D        | Reached XP level 6. HP: 71/72 MP: 5/5
   294 | D        | Noticed a swamp drake
   304 | D        | Killed a swamp drake
   305 | D        | Reached XP level 7. HP: 80/80 MP: 6/6
   484 | D        | Reached *** piety under Trog
   490 | D        | Found a bloodstained altar of Trog.
   490 | D        | Found a shimmering blue altar of Sif Muna.
   490 | D        | Found a viscous altar of Jiyva.
   490 | D        | Found a hazy altar of Hepliaklqana.
   490 | D        | Found an opulent altar of Gozag.
   491 | D        | Found a glowing golden altar of the Shining One.
   491 | D        | Found a glowing silver altar of Zin.
   491 | D        | Found a basalt altar of Yredelemnul.
   491 | D        | Found a shimmering altar of Xom.
   491 | D        | Found an ornate altar of the Wu Jian Council.
   491 | D        | Found a sacrificial altar of Ru.
   491 | D        | Found a stormy altar of Qazlal.
   491 | D        | Found an iron altar of Okawaru.
   491 | D        | Found a sparkling altar of Nemelex Xobeh.
   491 | D        | Found a burning altar of Makhleb.
   491 | D        | Found a blossoming altar of Fedhas.
   491 | D        | Found a white marble altar of Elyvilon.
   491 | D        | Found a shadowy altar of Dithmenos.
   491 | D        | Found a snail-covered altar of Cheibriados.
   494 | D        | Found a corrupted altar of Lugonu.
   494 | D        | Found a radiant altar of Vehumet.
   495 | D        | Found an ancient bone altar of Kikubaaqudgha.
   495 | D        | Found a hide-covered altar of Uskayaw.
   495 | D        | Found a broken altar of Ashenzari.
   541 | D        | Reached skill level 10 in Unarmed Combat
   546 | D        | Reached **** piety under Trog
   590 | D        | Reached ***** piety under Trog
   591 | D        | Reached XP level 8. HP: 33/91 MP: 7/7
   718 | D        | Reached skill level 11 in Unarmed Combat
   722 | D        | Reached ****** piety under Trog
   722 | D        | Received a gift from Trog
   749 | D        | Noticed a molten gargoyle
   753 | D        | Killed a molten gargoyle
   754 | D        | Reached skill level 10 in Fighting
   806 | D        | Noticed a flying skull
   810 | D        | Killed a flying skull
   811 | D        | Reached skill level 10 in Dodging
   823 | D        | Noticed a rakshasa
   823 | D        | Noticed an elephant
   827 | D        | Received a gift from Trog
   837 | D        | Killed an elephant
   838 | D        | Reached skill level 12 in Unarmed Combat
   838 | D        | Reached XP level 9. HP: 74/102 MP: 8/8
   849 | D        | Killed a rakshasa
   850 | D        | Reached skill level 13 in Unarmed Combat
   978 | D        | Noticed a vampire mage
   984 | D        | Received a gift from Trog
   988 | D        | Killed a vampire mage
  1034 | D        | Noticed a red devil
  1036 | D        | Noticed a yaktaur
  1043 | D        | Killed a yaktaur
  1053 | D        | HP: 4/159 [red devil/+2 vampiric demon trident (17)]
  1057 | D        | Slain by a red devil

Illustrated notes

Levels and vault maps discovered:
D:        pitsprint [storerooms_1, entrance_room_1, metal_vault_6, armoury_2,
          mini_pit_1, grid_room_1, main_hall_1, silver_pit, the_coven_2,
          the_vestibule_1, steel_vault_5, golden_pit, hallway_of_sentries,
          crystal_vault_4, iron_vault_4, final_vault]

Skill      XL: |  1  2  3  4  5  6  7  8  9 |
---------------+----------------------------+-----
Fighting       | 4 6 7 8 9 10 11 | 11.8
Dodging        | 4 6 7 8 10 11 | 11.6
Unarmed Combat | 5 7 9 10 12 13 | 13.7

Action                     |  1- 3 |  4- 6 |  7- 9 || total
---------------------------+-------+-------+-------++-------
  Melee: Unarmed           |     8 |    17 |    93 ||   118
         Punch             |       |       |     7 ||     7
 Invoke: Berserk           |     1 |     2 |     4 ||     7
         Brothers in Arms  |       |       |     1 ||     1
    Use: Potion            |       |       |     1 ||     1
 Armour: Animal skin       |     7 |     8 |    71 ||    86
  Dodge: Dodged            |     6 |     5 |    60 ||    71

Table legend: (Time is in decaauts)
 A = Elapsed time spent in this place.
 B = Non-inter-level travel time spent in this place.
 C = Inter-level travel time spent in this place.
 D = Time resting spent in this place.
 E = Time spent auto-exploring this place.
 F = Levels seen in this place.
 G = Mean time per level.
                   A        B        C        D        E       F      G
               +--------+--------+--------+--------+--------+-----+--------+
         Total |   1104 |   1027 |     77 |    424 |    172 |   1 | 1104.0 |
       Dungeon |   1104 |   1027 |     77 |    424 |    172 |   1 | 1104.0 |
               +--------+--------+--------+--------+--------+-----+--------+

Top non-repeatable levels by time:
       D: 1104 daAuts
